 Dungeon Crawl Stone Soup version 0.31-a0-220-gc2f4f3cf83 (webtiles) character file.

Game seed: 16320469991489251894

153 qw the Shooter (level 5, -14/45 HPs)
             Began as a Minotaur Hexslinger on July 3, 2023.
             Demolished by an ogre
             ... wielding a +0 giant club
              (25 damage)
             ... on level 4 of the Dungeon.
             The game lasted 00:00:48 (2730 turns).

qw the Shooter (Minotaur Hexslinger)                Turns: 2730, Time: 00:00:48

Health: -14/45     AC:  4    Str: 12    XL:     5   Next: 12%
Magic:  5/5        EV: 12    Int: 10    God:
Gold:   137        SH:  0    Dex: 15    Spells: 5/6 levels left

rFire   . . .        Y - +1 sling
rCold   . . .        (no shield)
rNeg    . . .        c - +0 robe
rPois   .            a - +2 hat
rElec   .            (no cloak)
rCorr   .            (no gloves)
SInv    .            (no boots)
Will    .....        (no amulet)
Stlth   +            (no ring)
HPRegen 0.27/turn    (no ring)
MPRegen 0.09/turn

%: no passive effects
@: no status effects
A: horns 2, retaliatory headbutt
a: no special abilities


You were on level 4 of the Dungeon.
You visited 1 branch of the dungeon, and saw 4 of its levels.

You collected 137 gold pieces.


Innate Abilities, Weirdness & Mutations

You have a pair of horns on your head.
You reflexively headbutt those who attack you in melee.


   Skills:
 - Level 3.1 Fighting
 + Level 5.2 Ranged Weapons
 - Level 2.1 Dodging
 - Level 1.0 Spellcasting
 - Level 2.0 Hexes


You had 5 spell levels left.
You knew the following spells:

 Your Spells              Type           Power      Damage    Failure   Level
a - Slow                  Hex            16%        N/A       16%         1

Your spell library contained the following spells:

 Spells                   Type           Power      Damage    Failure   Level
 Inner Flame              Hex/Fire       2%         N/A       56%         3
 Portal Projectile        Hex/Tloc       4%         N/A       56%         3
 Cause Fear               Hex            2%         N/A       83%         4

Inventory:

Hand Weapons
 Y - a +1 sling (weapon)
Armour
 a - a +2 hat (worn)
 c - a +0 robe (worn)
Scrolls
 d - a scroll of enchant armour {unknown}
 f - a scroll of revelation {unknown}
Potions
 b - a potion of curing {unknown}
 e - a potion of brilliance {unknown}

Dungeon Overview and Level Annotations

Branches:
Dungeon (4/15)
 Temple: D:4-7

Altars:
Xom
The Shining One

Shops:
D:3 (


Message History

You shoot a sling bullet.
The sling bullet barely misses the goblin.
The sling bullet closely misses the goblin.
The goblin closely misses you.
A goblin comes into view. It is wielding a +0 dagger.
You shoot a sling bullet. The sling bullet hits the goblin.
The goblin is severely wounded.
The goblin closely misses you.
You shoot a sling bullet. The sling bullet hits the goblin.
You kill the goblin!
You shoot a sling bullet. The sling bullet hits the goblin.
You kill the goblin!
You shoot a sling bullet. The sling bullet hits the goblin!
You kill the goblin!
You shoot a sling bullet. The sling bullet hits the goblin.
You kill the goblin!
You hear a shout!
A goblin comes into view. It is wielding a +0 dagger.
The goblin hits you but does no damage.
You shoot a sling bullet. The sling bullet hits the goblin.
You kill the goblin!
You shoot a sling bullet. The sling bullet hits the ogre.
The ogre is lightly wounded.
The ogre hits you with a +0 giant club!!
You shoot a sling bullet.
The sling bullet barely misses the ogre.
The ogre closely misses you.
You shoot a sling bullet.
The sling bullet barely misses the ogre.
You shoot a sling bullet. The sling bullet hits the ogre.
The ogre is lightly wounded.
The ogre hits you with a +0 giant club!
You shoot a sling bullet.
The sling bullet completely misses the ogre.
The ogre barely misses you.
You shoot a sling bullet.
The sling bullet barely misses the ogre.
The ogre hits you with a +0 giant club!!
Ouch! That really hurt!
You die...

#.# #.##.# #.# #.##.#
#.# #.##.# ### #.#
#.##.# #(. #.# #.##.#
#.. #.# #.##.# #.g
#.###.##.# ####O##
#........##
###....@#########..%####
...........<...........'
###...#.#########.#.####
##.##.# #.###.# # ## #.#
### ### #)# #.###### #
#......### # #<##.....##
#


You could see an ogre and a goblin.

Vanquished Creatures
  An orc priest (D:4)
  An iguana (D:3)
  3 adders
  2 worms (D:2)
  3 dart slugs
  2 orcs (D:4)
  4 endoplasms
  A giant cockroach (D:1)
  13 goblins
  4 hobgoblins
  5 kobolds
  4 quokkas
  3 ball pythons
  2 bats
  5 frilled lizards
  3 rats
56 creatures vanquished.

Notes
Turn   | Place    | Note
-------+----------+-------------------------------------------
     0 | D:1      | qw the Minotaur Hexslinger began the quest for the Orb.
     0 | D:1      | Reached XP level 1. HP: 16/16 MP: 1/1
     0 | D:1      | 0 ||| qw: Version: 0.3-a-40-ge99b1a8
     0 | D:1      | 0 ||| qw: Game counter: 491
     0 | D:1      | 0 ||| qw: Melee chars always use a shield: true
     0 | D:1      | 0 ||| qw: God list: Okawaru
     0 | D:1      | 0 ||| qw: Allow faded altars: false
     0 | D:1      | 0 ||| qw: Do Orc after clearing Dungeon:15 true
     0 | D:1      | 0 ||| qw: Do second Lair branch before Depths: true
     0 | D:1      | 0 ||| qw: Lair rune preference: random
     0 | D:1      | 0 ||| qw: Goals: Normal
     0 | D:1      | 0 ||| PLANNING D:1-11
   121 | D:1      | Reached skill level 3 in Ranged Weapons
   266 | D:1      | HP: 4/16 [quokka (5)]
   268 | D:1      | Reached XP level 2. HP: 6/23 MP: 2/2
   706 | D:1      | 706 ||| DROPPING scroll of poison.
   882 | D:2      | 882 ||| FLEEEEING.
   883 | D:2      | 883 ||| FLEEEEING.
   884 | D:2      | 884 ||| FLEEEEING.
   886 | D:2      | 886 ||| FLEEEEING.
   891 | D:2      | Reached XP level 3. HP: 28/29 MP: 3/3
  1326 | D:2      | Reached skill level 4 in Ranged Weapons
  1523 | D:2      | HP: 7/29 [worm (2)]
  1676 | D:2      | 1676 ||| READING scroll labelled XYC PUM GEDGH.
  1677 | D:2      | 1677 ||| READING scroll labelled YSSASK LICE.
  1678 | D:2      | 1678 ||| DRINKING 2 viscous silvery potions.
  1679 | D:2      | 1679 ||| DROPPING potion of attraction.
  1716 | D:3      | Found a shimmering altar of Xom.
  1892 | D:3      | Reached XP level 4. HP: 21/36 MP: 4/4
  2068 | D:3      | Found a faded altar of an unknown god.
  2227 | D:3      | 2227 ||| Stepping ~*~*~tactically~*~*~ (water).
  2261 | D:3      | Found Notil's Antique Weapon Emporium.
  2375 | D:3      | Reached skill level 5 in Ranged Weapons
  2528 | D:3      | 2528 ||| UPGRADING to +2 hat.
  2533 | D:3      | 2533 ||| READING scroll labelled TIJAPUEV QAUW.
  2587 | D:4      | Found a glowing golden altar of the Shining One.
  2597 | D:4      | Reached skill level 3 in Fighting
  2677 | D:4      | Reached XP level 5. HP: 44/45 MP: 5/5
  2716 | D:4      | Noticed an ogre
  2728 | D:4      | HP: 11/45 [ogre/+0 giant club (14)]
  2730 | D:4      | Demolished by an ogre

Levels and vault maps discovered:
D:1:      lightli_arrival_isolated_outpost, layout_basic, minmay_pentomino_p2
D:2:      layout_loops_corners
D:3:      layout_loops_ring, brannock_xom_greatest_gift, serial_shops, shop,
          shapermc_ecumenical_altar_venn, minmay_misc_feat_diagonals,
          nrook_uturn, chequers_serial_rivers_room_b, saegor_snake_ambush
D:4:      layout_loops_corners, nicolae_tso_carved_into_rock, temple_fountains,
          minmay_misc_feat_tiny, minmay_ogre_servants, uniq_edmund, uniq_duvessa

Skill      XL: |  1  2  3  4 |
---------------+-------------+-----
Ranged Weapons | 3 4 5 |  5.2
Fighting       | 2 3 |  3.1
Dodging        | |  2.1
Spellcasting   | |  1.0
Hexes          | |  2.0

Action                     |  1- 3 |  4- 6 || total
---------------------------+-------+-------++-------
   Fire: Sling             |   130 |    68 ||   198
    Use: Scroll            |     2 |     1 ||     3
         Potion            |     1 |       ||     1
 Armour: Robe              |     4 |     7 ||    11
  Dodge: Dodged            |    31 |    21 ||    52

Table legend:
 A = Non-vault XP
 B = Vault XP
 C = Vault XP percentage of total XP
 D = Non-vault monster count
 E = Vault monster count
 F = Vault count percentage of total count
                 A         B        C        D         E       F
            +---------+---------+-------+---------+---------+-------
      Total |     204 |      15 |   6.8 |      48 |       8 |  14.3
            +---------+---------+-------+---------+---------+-------
        D:1 |      22 |       1 |   4.3 |      14 |       1 |   6.7
        D:2 |      46 |       0 |   0.0 |      16 |       0 |   0.0
        D:3 |      69 |       2 |   2.8 |      12 |       1 |   7.7
        D:4 |      67 |      12 |  15.2 |       6 |       6 |  50.0
            +---------+---------+-------+---------+---------+-------
